 Dungeon Crawl Stone Soup version 0.29.0-13-gc9e81de378 (webtiles) character file.

Game seed: 2262958610953298550

27 Arum the Shield-Bearer (level 3, 0/30 HPs)
             Began as a Formicid Fighter on Sept 9, 2022.
             Slain by a wraith (1 damage)
             ... created by the anger of Yredelemnul
             ... on level 2 of the Dungeon.
             The game lasted 00:00:55 (1197 turns).

Arum the Shield-Bearer (Formicid Fighter)           Turns: 1197, Time: 00:00:55

Health: 0/30       AC:  6    Str: 22    XL:     3   Next: 25%
Magic:  3/3        EV:  9    Int:  7    God:
Gold:   73         SH:  5    Dex: 13    Spells: 2/2 levels left

rFire   . . .      SeeInvis +   a - +0 flail
rCold   . . .      Faith    .   c - +0 buckler
rNeg    . . .      Spirit   .   b - +0 scale mail
rPois   .          Reflect  .   (helmet unavailable)
rElec   .          Harm     .   (no cloak)
rCorr   .          Rampage  .   (no gloves)
Will    .....                   (no boots)
Stlth   ..........              (no amulet)
HPRegen 0.10/turn               (no ring)
MPRegen 0.08/turn               (no ring)

@: no status effects
A: permanent stasis, dig shafts and tunnels, antennae 3, four strong arms
a: Dig, Shaft Self


You were on level 2 of the Dungeon.
You visited 1 branch of the dungeon, and saw 2 of its levels.

You collected 73 gold pieces.

Inventory:

Hand Weapons
 a - a +0 flail (weapon)
Armour
 b - a +0 scale mail (worn)
 c - a +0 buckler (worn)
Scrolls
 e - 2 scrolls of identify {unknown}
 h - a scroll of immolation {unknown}
 i - a scroll of amnesia {unknown}
 k - a scroll of enchant armour {unknown}
 l - a scroll of teleportation {unknown}
 m - a scroll of fear {unknown}
 n - a scroll of magic mapping {unknown}
Potions
 d - 2 potions of might
 f - a potion of mutation {unknown}
 g - a potion of curing {unknown}
 j - a potion of heal wounds {unknown}
 o - 2 potions of haste {unknown}


   Skills:
 + Level 3.9 Fighting
 + Level 2.7 Maces & Flails
 - Level 3.4 Armour
 - Level 4.0 Shields


You had 2 spell levels left.
You didn't know any spells.
Your spell library contained the following spells:

 Spells                   Type           Power      Damage    Failure   Level
 Sting                    Tmut/Pois      0%         1d3       83%         1
 Poisonous Vapours        Pois/Air       0%         N/A       92%         2
 Olgreb's Toxic Radiance  Pois           0%         N/A       100%        4


Dungeon Overview and Level Annotations

Branches:
Dungeon (2/15)

Altars:
Yredelemnul


Innate Abilities, Weirdness & Mutations

You cannot be hasted, slowed, berserked, paralysed or teleported.
You can dig through walls and to a lower floor.
You have a pair of large antennae on your head. (SInv)
Your four strong arms can wield two-handed weapons with a shield.


Message History

Found 7 stones.
You sense a monster nearby.
You aren't carrying any pieces of jewellery.
Yredelemnul sends a servant to punish you.
A wraith comes into view.
A wraith is nearby!
You sock the wraith!
The wraith is moderately damaged.
The wraith hits you! The wraith drains your vigour!
Your stasis prevents you from being slowed.
You closely miss the wraith.
The wraith is moderately damaged.
The wraith closely misses you.
You hit the wraith but do no damage.
The wraith is moderately damaged.
The wraith hits you but does no damage.
You closely miss the wraith.
The wraith is moderately damaged.
The wraith closely misses you. The wraith completely misses you.
You hit the wraith.
The wraith is moderately damaged.
You block the wraith's attack.
You hit the wraith.
The wraith is moderately damaged.
The wraith hits you!
* * * LOW HITPOINT WARNING * * *
Unknown command.
You barely miss the wraith.
The wraith is moderately damaged.
The wraith barely misses you. The wraith hits you!
* * * LOW HITPOINT WARNING * * *
The wraith drains your vigour!
Your stasis prevents you from being slowed.
You hit the wraith but do no damage.
The wraith is moderately damaged.
You block the wraith's attack.
You hit the wraith but do no damage.
The wraith is moderately damaged.
The wraith hits you.
You die...

#...........
#####.)...#####
#.............# # #
#.###.#..###.##.# #
#.#.# #.#.........#
.#.##.#.###.##.###.####
...........>##.# #.#..#
##.##...######.# #.#..#
.........@W....# #.#..#
.#.......#######
#.#..#### .....#.#..
#.#...... .###.....(.
##.##.###. #########
#.....# #. { ####### ##


You could see a wraith.

Vanquished Creatures
  2 dart slugs
  An endoplasm (D:1)
  2 giant cockroaches (D:1)
  8 jackals (D:1)
  A bat (D:1)
  A frilled lizard (D:1)
  2 goblins
  4 rats (D:1)
21 creatures vanquished.

Notes
Turn   | Place    | Note
-------+----------+-------------------------------------------
     0 | D:1      | Arum the Formicid Fighter began the quest for the Orb.
     0 | D:1      | Reached XP level 1. HP: 18/18 MP: 1/1
    85 | D:1      | Reached XP level 2. HP: 23/24 MP: 2/2
   422 | D:1      | Found a faded altar of an unknown god.
   434 | D:1      | Prayed at the altar of an unknown god.
   434 | D:1      | Became a worshipper of Yredelemnul the Dark
   434 | D:1      | Reached * piety under Yredelemnul
   435 | D:1      | Fell from the grace of Yredelemnul
   784 | D:1      | Reached XP level 3. HP: 29/29 MP: 3/3
  1188 | D:2      | Noticed a wraith
  1195 | D:2      | HP: 1/30 [wraith[the anger of Yredelemnul] (8)]
  1197 | D:2      | Slain by a wraith

Illustrated notes

Levels and vault maps discovered:
D:1:      giann_horns, layout_basic, shapermc_ecumenical_altar_starsandcircs,
          serial_bayou_lagoon_b
D:2:      layout_basic, basic_altar, minmay_tall_x

Action                   || total
-------------------------++-------
Melee: Flail             ||    48
Invok: Renounce Religion ||     1
Armor: Scale mail        ||    17
Dodge: Dodged            ||    21
Block: Buckler           ||     6
